 Dungeon Sprint DCSS version 0.30-a0-964-gd452b5e7fa (webtiles) character file.

Game seed: 7199055830099733373

3888 sircluck the Severer (level 10, -1/107 HPs)
             Began as a Hill Orc Berserker on Mar 30, 2023.
             Was a High Priest of Trog.
             Succumbed to barbed spike wounds
             ... in the Dungeon (Sprint VII: "The Pits").
             The game lasted 00:10:00 (1560 turns).

sircluck the Severer (Hill Orc Berserker)           Turns: 1560, Time: 00:10:01

Health: -1/107     AC: 17    Str: 28    XL:     10   Next: 19%
Magic:  3/3        EV: 11    Int:  7    God:    Trog [*****.]
Gold:   0          SH:  0    Dex: 13    Spells: 9/9 levels left

rFire   . . .      SeeInvis .    o - +4 battleaxe (antimagic)
rCold   . . .      Faith    .    (shield currently unavailable)
rNeg    . . .      Spirit   .    p - +3 chain mail
rPois   .          Reflect  .    (no helmet)
rElec   .          Rampage  .    (no cloak)
rCorr   .          NoTele   +    C - +0 pair of gloves
Will    .....                    E - +0 pair of boots Stlth
                                 (no amulet)
HPRegen 0.37/turn                y - +3 ring of dexterity
MPRegen 0.08/turn                z - +3 ring of strength

@: mighty, spiked
A: no striking features
a: Renounce Religion, Berserk, Trog's Hand, Brothers in Arms


You were in the Dungeon.
You worshipped Trog.
Trog was extremely pleased with you.
You visited 1 branch

Inventory:

Hand Weapons
 a - a +0 hand axe
 n - a +2 hand axe
 o - a +4 antimagic battleaxe (weapon)
 r - a +1 heavy hand axe
 t - a +2 quarterstaff of protection
 v - a +1 heavy trident
 B - a +2 war axe of flaming
Missiles
 j - 15 stones (quivered)
Armour
 b - a +0 animal skin
 p - a +3 chain mail (worn)
 q - a +2 plate armour
 C - a +0 pair of gloves (worn)
 D - a +4 scale mail
 E - a +0 pair of boots (worn)
Jewellery
 y - a +3 ring of dexterity (left hand)
 z - a +3 ring of strength (right hand)
Scrolls
 l - 5 scrolls of amnesia
 m - 2 scrolls of vulnerability
Potions
 c - 7 potions of curing
 d - 3 potions of heal wounds
 e - a potion of haste
 f - 4 potions of magic
 g - 5 potions of berserk rage
 i - 2 potions of invisibility
 F - a potion of brilliance


   Skills:
 + Level 15.9 Fighting
 + Level 19.6 Axes
 + Level 10.3 Armour
 + Level 6.5 Dodging
 + Level 1.2 Stealth


You had 9 spell levels left.
You didn't know any spells.
Your spell library was empty.

Dungeon Overview and Level Annotations

Branches:
Dungeon (1/1)

Altars:
Ashenzari
Cheibriados
Dithmenos
Elyvilon
Fedhas
Gozag
Hepliaklqana
Kikubaaqudgha
Makhleb
Nemelex Xobeh
Okawaru
Qazlal
Ru
Sif Muna
Trog
Uskayaw
Vehumet
Wu Jian
Xom
Yredelemnul
Zin
The Shining One
Beogh
Jiyva
Lugonu


Message History

The deep elf pyromancer blinks!
The culicivora bites your butterfly.
Your butterfly dies!
Your butterfly disappears in a burst of colours!
There is an open door, spattered with blood here.
You swap places.
The barbed spikes dig painfully into your body as you move.
* * * LOW HITPOINT WARNING * * *
x2 You feel very sick.
The deep elf pyromancer completely misses your butterfly.
You feel better. The culicivora bites your butterfly!!
Your butterfly dies!
Your butterfly disappears in a burst of colours!
The deep elf pyromancer gestures at you while chanting.
The bolt of fire hits your butterfly!!
Your butterfly dies!
Your butterfly disappears in a burst of colours!
The bolt of fire hits you!
* * * LOW HITPOINT WARNING * * *
You swap places.
The barbed spikes dig painfully into your body as you move.
* * * LOW HITPOINT WARNING * * *
You recover from your berserk rage.
The deep elf pyromancer's magic is no longer disrupted.
The culicivora closely misses your butterfly.
The deep elf pyromancer closely misses your butterfly.
Things that are here:
a +4 flail of protection; a +0 scale mail Blink to where?
Press: ? - help, Q - select action, (/) - cycle Dir - move target A dream sheep comes into view.
As you read the scroll of blinking, it crumbles to dust.
The dream sheep bleats!
You hear a bleat! x2
The culicivora bites your butterfly!!
Your butterfly dies!
Your butterfly disappears in a burst of colours!
A water moccasin comes into view.
You hear an angry growl. 4 dream sheep come into view.
The barbed spikes dig painfully into your body as you move.
You die...

..##................#
..#####'#####''######
..##.......##'†##############
..##.......##......#..so.†oo#
..##.......##....###†eb###4..#
'###...<...##...##.'bb.+
##oo...#
..##.......##..##.b##+##
#o..## ..##.......##..#..##
o.Z.# ####.......##..#@b# ...#
..###########..'..'.YY.. ..+
)############..#÷.#...YY ..#
)#....#...)##..#..##.Y.#
)#....#....##..##..##S##
.)....'..))##..†##.+ ..'
'#....#..))##....### .#
.#....#..).##......#
####################


You could see a deep elf pyromancer (ally target), a culicivora, an orc
sorcerer, a water moccasin and 5 dream sheep.

Vanquished Creatures
  A sun demon (D)
  An orc knight (D)
  A manticore (D)
  An elephant (D)
  An unseen horror (D)
  A hornet (D)
  A tarantella (D)
  A spriggan (D)
  4 redbacks (D)
  Edmund (D)
  A floating eye (D)
  3 swamp drakes (D)
  A sky beast (D)
  3 scorpions (D)
  A gnoll sergeant (D)
  2 gnolls (D)
  An adder (D)
  2 river rats (D)
  A worm (D)
  An orc (D)
  A bat skeleton (D)
  A bat zombie (D)
  2 goblins (D)
  2 hobgoblins (D)
  6 jackals (D)
  2 kobolds (D)
  A rat (D)
44 creatures vanquished.

Notes
Turn   | Place    | Note
-------+----------+-------------------------------------------
     0 | D        | sircluck the Hill Orc Berserker began the quest for the
                  | Orb.
     0 | D        | Reached XP level 1. HP: 19/19 MP: 1/1
    26 | D        | Reached skill level 5 in Axes
    26 | D        | Reached XP level 2. HP: 19/28 MP: 2/2
    57 | D        | Found a bloodstained altar of Trog.
    57 | D        | Found a shimmering blue altar of Sif Muna.
    57 | D        | Found a viscous altar of Jiyva.
    57 | D        | Found a hazy altar of Hepliaklqana.
    57 | D        | Found an opulent altar of Gozag.
    58 | D        | Found a glowing golden altar of the Shining One.
    58 | D        | Found a glowing silver altar of Zin.
    58 | D        | Found a basalt altar of Yredelemnul.
    58 | D        | Found a shimmering altar of Xom.
    58 | D        | Found an ornate altar of the Wu Jian Council.
    58 | D        | Found a sacrificial altar of Ru.
    58 | D        | Found a stormy altar of Qazlal.
    58 | D        | Found an iron altar of Okawaru.
    58 | D        | Found a sparkling altar of Nemelex Xobeh.
    58 | D        | Found a burning altar of Makhleb.
    58 | D        | Found a blossoming altar of Fedhas.
    58 | D        | Found a white marble altar of Elyvilon.
    58 | D        | Found a shadowy altar of Dithmenos.
    58 | D        | Found a snail-covered altar of Cheibriados.
    61 | D        | Found a corrupted altar of Lugonu.
    61 | D        | Found a radiant altar of Vehumet.
    61 | D        | Found a roughly hewn altar of Beogh.
    62 | D        | Found an ancient bone altar of Kikubaaqudgha.
    62 | D        | Found a hide-covered altar of Uskayaw.
    62 | D        | Found a broken altar of Ashenzari.
   123 | D        | Reached ** piety under Trog
   126 | D        | Reached skill level 5 in Fighting
   130 | D        | Noticed a floating eye
   132 | D        | Paralysed by a floating eye for 2 turns
   138 | D        | Paralysed by a floating eye for 4 turns
   142 | D        | Killed a floating eye
   142 | D        | Reached *** piety under Trog
   143 | D        | Reached skill level 9 in Axes
   143 | D        | Reached XP level 3. HP: 39/39 MP: 3/3
   143 | D        | Reached XP level 4. HP: 47/47 MP: 4/4
   143 | D        | Reached XP level 5. HP: 52/52 MP: 5/5
   159 | D        | Reached **** piety under Trog
   177 | D        | Reached skill level 10 in Axes
   415 | D        | Noticed a sky beast
   420 | D        | Reached ***** piety under Trog
   421 | D        | Reached skill level 11 in Axes
   425 | D        | Killed a sky beast
   426 | D        | Reached skill level 10 in Fighting
   426 | D        | Reached skill level 12 in Axes
   426 | D        | Reached XP level 6. HP: 66/66 MP: 6/6
   473 | D        | Noticed a hornet
   481 | D        | Killed a hornet
   482 | D        | Reached skill level 14 in Axes
   482 | D        | Reached XP level 7. HP: 74/74 MP: 7/7
   659 | D        | Reached skill level 5 in Dodging
   661 | D        | Received a gift from Trog
   668 | D        | Noticed a sun demon
   679 | D        | Killed a sun demon
   680 | D        | Reached skill level 16 in Axes
   680 | D        | Reached skill level 5 in Armour
   680 | D        | Reached XP level 8. HP: 39/85 MP: 8/8
  1178 | D        | Noticed a manticore
  1183 | D        | Killed an unseen horror
  1184 | D        | Reached skill level 17 in Axes
  1186 | D        | Killed a manticore
  1187 | D        | Reached XP level 9. HP: 77/95 MP: 9/9
  1252 | D        | Noticed an elephant
  1264 | D        | Reached skill level 18 in Axes
  1270 | D        | Killed an elephant
  1270 | D        | Received a gift from Trog
  1392 | D        | Noticed Edmund
  1404 | D        | Killed Edmund
  1500 | D        | Noticed an orc knight
  1505 | D        | Noticed a tarantella
  1507 | D        | Reached skill level 15 in Fighting
  1512 | D        | Killed an orc knight
  1513 | D        | Reached skill level 19 in Axes
  1513 | D        | Reached XP level 10. HP: 102/106 MP: 3/10
  1514 | D        | Noticed an orc sorcerer
  1516 | D        | Reached skill level 10 in Armour
  1516 | D        | Reached skill level 1 in Stealth
  1516 | D        | Noticed a cane toad
  1538 | D        | Noticed a deep elf pyromancer
  1558 | D        | HP: 2/107 [barbs]
  1560 | D        | Succumbed to barbed spike wounds

Illustrated notes

Levels and vault maps discovered:
D:        pitsprint [storerooms_1, entrance_room_1, metal_vault_6, armoury_1,
          mini_pit_1, grid_room_1, main_hall_1, silver_pit, the_coven_3,
          the_vestibule_1, steel_vault_2, golden_pit, hallway_of_sentries,
          crystal_vault_4, iron_vault_1, final_vault]

Skill      XL: |  1  2  3  4  5  6  7  8  9 10 |
---------------+-------------------------------+-----
Fighting       | 4 7 10 11 12 14 15 | 15.9
Axes           | 5 9 12 14 16 17 19 | 19.6
Dodging        | 2 3 4 5 6 |  6.5
Armour         | 3 4 5 7 9 10 | 10.3
Stealth        | 1 |  1.2

Action                     |  1- 3 |  4- 6 |  7- 9 | 10-12 || total
---------------------------+-------+-------+-------+-------++-------
  Melee: Hand axe          |    22 |    46 |    15 |       ||    83
         War axe           |       |       |    20 |       ||    20
         Battleaxe         |       |       |    19 |    16 ||    35
 Invoke: Berserk           |       |     2 |     4 |       ||     6
         Brothers in Arms  |       |       |     1 |     1 ||     2
    Use: Potion            |       |       |       |    11 ||    11
         Scroll            |       |       |       |     2 ||     2
   Stab: Confused          |       |       |     1 |       ||     1
 Armour: Animal skin       |     3 |     3 |       |       ||     6
         Chain mail        |       |    11 |    42 |    36 ||    89
  Dodge: Dodged            |    16 |    18 |    24 |    43 ||   101

Table legend: (Time is in decaauts)
 A = Elapsed time spent in this place.
 B = Non-inter-level travel time spent in this place.
 C = Inter-level travel time spent in this place.
 D = Time resting spent in this place.
 E = Time spent auto-exploring this place.
 F = Levels seen in this place.
 G = Mean time per level.
                   A        B        C        D        E       F      G
               +--------+--------+--------+--------+--------+-----+--------+
         Total |   1599 |   1518 |     81 |    982 |      0 |   1 | 1599.0 |
       Dungeon |   1599 |   1518 |     81 |    982 |      0 |   1 | 1599.0 |
               +--------+--------+--------+--------+--------+-----+--------+

Top non-repeatable levels by time:
       D: 1599 daAuts
